 Dungeon Crawl Stone Soup version 0.30-a0-728-gc68057be0a (webtiles) character file.

Game seed: 8732194940439552816

350 octoduck the Firebug (level 6, -1/32 HPs)
             Began as a Tengu Fire Elementalist on Jan 30, 2023.
             Killed by nerve-wracking pain
             ... invoked by an orc priest
              (4 damage)
             ... on level 5 of the Dungeon.
             The game lasted 00:11:22 (4233 turns).

octoduck the Firebug (Tengu Fire Elementalist)      Turns: 4233, Time: 00:11:23

Health: -1/32      AC:  3    Str:  8    XL:     6   Next: 61%
Magic:  5/10       EV: 16    Int: 18    God:
Gold:   127        SH:  0    Dex: 14    Spells: 3/9 levels left

rFire   + . .      SeeInvis .    h - +1 short sword (venom)
rCold   . . .      Faith    .    (no shield)
rNeg    . . .      Spirit   .    a - +1 robe
rPois   .          Reflect  .    (helmet restricted)
rElec   .          Harm     .    p - scarf {+Inv}
rCorr   .          Rampage  .    (no gloves)
Will    .....                    (boots unavailable)
Stlth   ++                       (no amulet)
HPRegen 0.25/turn                s - ring of protection from fire
MPRegen 0.12/turn                (no ring)

@: flying quickly and evasively, quick
A: beak, talons 3, nimble flight
a: Evoke Invisibility


You were on level 5 of the Dungeon.
You visited 1 branch of the dungeon, and saw 5 of its levels.

You collected 175 gold pieces.
You spent 48 gold pieces at shops.

Inventory:

Hand Weapons
 g - a +3 dagger
 h - a +1 short sword of venom (weapon)
Armour
 a - a +1 robe (worn)
 o - an orb of guile
 p - a scarf of invisibility (worn)
Jewellery
 s - a ring of protection from fire (left hand)
Wands
 l - a wand of flame (5)
Scrolls
 c - 3 scrolls of blinking
 d - a scroll of teleportation
 m - a scroll of noise {unknown}
 n - a scroll of enchant armour
 r - a scroll of torment {unknown}
Potions
 b - 2 potions of magic
 e - 2 potions of curing
 f - a potion of heal wounds
 i - a potion of attraction
 j - 2 potions of lignification
 k - a potion of cancellation {unknown}
 q - a potion of mutation {unknown}


   Skills:
 * Level 4.3 Dodging
 - Level 2.0 Stealth
 - Level 2.0 Spellcasting
 + Level 5.2 Conjurations
 + Level 5.4 Fire Magic


You had 3 spell levels left.
You knew the following spells:

 Your Spells              Type           Power      Damage    Failure   Level
a - Foxfire               Conj/Fire      80%        2x1d8     1%          1
b - Scorch                Fire           42%        2d7       3%          2
c - Inner Flame           Hex/Fire       11%        N/A       19%         3

Your spell library contained the following spells:

 Spells                   Type           Power      Damage    Failure   Level
 Kindle Blastsparks       Fire/Tloc/Air  16%        2d11      26%         3
 Flame Wave               Conj/Fire      20%        2d7       21%         4


Dungeon Overview and Level Annotations

Branches:
Dungeon (5/15)
 Temple: D:4-7

Altars:

Shops:
D:3 ?

Annotations:
D:1 crystal locked scroll
D:4 Blork the orc, Sigmund


Innate Abilities, Weirdness & Mutations

You have a beak for a mouth.
You have claws for feet.
Your magical nature lets you fly swiftly and evasively.


Message History

The orc shouts!
The foxfire hits the orc priest.
The orc priest is moderately wounded.
The foxfire hits the orc priest.
The orc priest is moderately wounded.
Casting: Foxfire (safe; 1% risk of failure)
Confirm with . or Enter, or press ? or * to list all spells.
Flames lash the orc priest.
The orc priest is severely wounded.
The orc priest's fire resistance burns away.
The orc priest hits you with a +0 hand axe.
Casting: Scorch (safe; 3% risk of failure)
Confirm with . or Enter, or press ? or * to list all spells.
Flames lash the orc.
The orc is severely wounded.
The orc's fire resistance burns away.
A jelly comes into view.
The orc priest hits you with a +0 hand axe!
Casting: Scorch (safe; 3% risk of failure)
Confirm with . or Enter, or press ? or * to list all spells.
You conjure some foxfire!
The orc priest is no longer more vulnerable to fire.
The orc priest calls down the wrath of Beogh upon you.
Beogh smites you!
* * * LOW HITPOINT WARNING * * *
The orc hits you with a +0 dagger.
* * * LOW HITPOINT WARNING * * *
The foxfire hits the orc priest.
The orc priest is almost dead.
The orc misses you.
The orc priest mumbles some strange prayers to Beogh against you.
Pain shoots through your body!
* * * LOW HITPOINT WARNING * * *
Blink to where?
Press: ? - help, Dir - move target
As you read the scroll of blinking, it crumbles to dust.
The orc is no longer more vulnerable to fire.
The orc priest invokes the aid of Beogh against you.
Pain shoots through your body!
You die...

#.......#.......#.##
#.......###.....#.#
.>.....###.......##
##.................#
#............##.....
#.......#..#.##.#...
#.......#..#......#.
##[.......##......##
#.@......###.....#
#.###....# #.....##
#.# #....# #.......
#.# #....# #.....##
##.# ####.# #.....#
#o§# #.# #######
#o## #.# #o# ### .o.


You could see an orc priest and 2 orcs.

Vanquished Creatures
  A scorpion (D:4)
  A hound (D:4)
  2 iguanas
  4 gnolls (D:2)
  6 adders
  An ufetubus (D:5)
  2 worms
  2 dart slugs
  5 orcs
  13 endoplasms
  4 giant cockroaches
  7 goblins
  7 hobgoblins
  10 jackals
  A quokka (D:2)
  7 ball pythons
  6 bats
  7 frilled lizards
  2 kobolds (D:2)
  6 rats
94 creatures vanquished.

Vanquished Creatures (others)
  208 foxfires
208 creatures vanquished.

Grand Total: 302 creatures vanquished

Notes
Turn   | Place    | Note
-------+----------+-------------------------------------------
     0 | D:1      | octoduck the Tengu Fire Elementalist began the quest for
                  | the Orb.
     0 | D:1      | Reached XP level 1. HP: 10/10 MP: 4/4
   358 | D:1      | Reached XP level 2. HP: 15/15 MP: 4/6
   379 | D:1      | Learned a level 2 spell: Scorch
   944 | D:1      | Reached XP level 3. HP: 19/19 MP: 4/7
  1660 | D:2      | Reached XP level 4. HP: 24/24 MP: 6/8
  1980 | D:2      | Found a faded altar of an unknown god.
  2190 | D:2      | Gained mutation: Your magical nature lets you fly swiftly
                  | and evasively. [Tengu growth]
  2190 | D:2      | Reached XP level 5. HP: 28/28 MP: 6/9
  3153 | D:3      | Reached skill level 5 in Fire Magic
  3237 | D:3      | Learned a level 3 spell: Inner Flame
  3242 | D:3      | Found Qoptatur's Magic Scroll Emporium.
  3253 | D:3      | Bought a scroll of identify for 24 gold pieces
  3253 | D:3      | Bought a scroll of identify for 24 gold pieces
  3499 | D:4      | Reached XP level 6. HP: 5/32 MP: 2/10
  3676 | D:4      | Noticed Blork the orc
  3825 | D:4      | Noticed Sigmund
  3843 | D:5      | Entered Level 5 of the Dungeon
  3858 | D:4      | Reached skill level 5 in Conjurations
  4059 | D:5      | Noticed a two-headed ogre
  4233 | D:5      | Killed from afar by an orc priest

Illustrated notes

Levels and vault maps discovered:
D:1:      dpeg_arrival_water_temple_mockup, layout_basic, item_on_display_a
D:2:      layout_rooms, nicolae_ecumenical_snake_handling, grunt_ministairs_6,
          guppyfry_early_orc_mine
D:3:      layout_basic, serial_shops, nicolae_square_shop, minmay_checkerbox
D:4:      layout_basic, uniq_sigmund, uniq_natasha, uniq_blork_the_orc
D:5:      layout_rooms, nzn_wu_jian_contemplation,
          eat_drink_and_be_merry_uskayaw

Skill      XL: |  1  2  3  4  5  6 |
---------------+-------------------+-----
Conjurations   | 2 3 4 5 |  5.2
Fire Magic     | 4 5 |  5.4
Dodging        | 3 4 |  4.3
Stealth        | |  2.0
Spellcasting   | |  2.0

Action                     |  1- 3 |  4- 6 || total
---------------------------+-------+-------++-------
  Melee: Unarmed           |     4 |       ||     4
         Kick              |     1 |     3 ||     4
         Peck              |     1 |     3 ||     4
         Dagger            |     1 |     1 ||     2
         Short sword       |       |    10 ||    10
         Punch             |       |     1 ||     1
   Cast: Foxfire           |    53 |    70 ||   123
         Scorch            |     5 |    26 ||    31
    Use: Scroll            |     5 |     5 ||    10
 Armour: Robe              |     4 |     5 ||     9
  Dodge: Dodged            |    20 |    50 ||    70

Table legend: (Time is in decaauts)
 A = Elapsed time spent in this place.
 B = Non-inter-level travel time spent in this place.
 C = Inter-level travel time spent in this place.
 D = Time resting spent in this place.
 E = Time spent auto-exploring this place.
 F = Levels seen in this place.
 G = Mean time per level.
                   A        B        C        D        E       F      G
               +--------+--------+--------+--------+--------+-----+--------+
         Total |   4126 |   3879 |    247 |   1212 |   1797 |   5 |  825.2 |
       Dungeon |   4126 |   3879 |    247 |   1212 |   1797 |   5 |  825.2 |
               +--------+--------+--------+--------+--------+-----+--------+

Top non-repeatable levels by time:
     D:1: 1450 daAuts
     D:2: 1045 daAuts
     D:3: 924 daAuts
     D:4: 438 daAuts
     D:5: 267 daAuts
